 Dungeon Crawl Stone Soup version 0.31.0-11-ge490571c62 (webtiles) character file.

Game seed: 306891173518486404

17057 qw the Markself (level 12, -4/71 HPs)
             Began as a Deep Elf Hunter on Feb 4, 2024.
             Was a High Priest of Okawaru.
             Slain by an elephant (11 damage)
             ... on level 2 of the Lair of Beasts.
             The game lasted 00:01:04 (10363 turns).

qw the Markself (Deep Elf Hunter)                  Turns: 10363, Time: 00:01:05

Health: -4/71      AC: 16    Str: 12    XL:     12   Next: 15%
Magic:  21/21      EV: 20    Int: 16    God:    Okawaru [*****.]
Gold:   357        SH:  0    Dex: 20    Spells: 11/11 levels left

rFire   . . .        i - +1 arbalest (flame)
rCold   . . .        (shield currently unavailable)
rNeg    . . .        f - +4 robe "Leylaent" {rPois Dex+2}
rPois   +            c - +2 helmet
rElec   .            (no cloak)
rCorr   .            a - +1 pair of gloves
SInv    +            e - +2 pair of boots
Will    +....        (no amulet)
Stlth   +            d - ring of see invisible
HPRegen 0.31/turn    (no ring)
MPRegen 0.17/turn

%: no passive effects
@: about to teleport, very slow
A: iridescent scales 1
a: Renounce Religion, Heroism, Finesse, Duel


You were on level 2 of the Lair of Beasts.
You worshipped Okawaru.
Okawaru was extremely pleased with you.
You visited 3 branches of the dungeon, and saw 13 of its levels.

You collected 574 gold pieces.
You spent 217 gold pieces at shops.


Innate Abilities, Weirdness & Mutations

You are partially covered in iridescent scales. (AC +2)


   Skills:
 + Level 6.8 Fighting
 - Level 18.0 Ranged Weapons
 - Level 2.1 Armour
 - Level 11.0 Dodging
 - Level 1.2 Stealth
 - Level 10.0 Invocations


You had 11 spell levels left.
You didn't know any spells.
Your spell library was empty.

Inventory:

Hand Weapons
 i - a +1 arbalest of flaming (weapon)
Armour
 a - a +1 pair of gloves (worn)
 c - a +2 helmet (worn)
 e - a +2 pair of boots (worn)
 f - the +4 robe "Leylaent" (worn) {rPois Dex+2}
   (You acquired it on level 2 of the Dungeon)

   Dex+2:     It affects your dexterity (+2).
   rPois:     It protects you from poison
 h - +0 acid dragon scales
 o - the +2 ring mail of Card Tricks {rN+ Will+}
   (You found it on level 4 of the Dungeon)

   rN+:       It protects you from negative energy.
   Will+:     It increases your willpower.
 r - the +0 pair of boots "Daxun" {-Tele Fly rPois rN+}
   (You found it on level 6 of the Dungeon)

   rPois:     It protects you from poison rN+: It protects you from negative
   energy.
   Fly:       It grants you flight.
   -Tele:     It prevents most forms of teleportation.
Jewellery
 d - a ring of see invisible (left hand)
Wands
 b - a wand of light (6)
 g - a wand of iceblast (10)
 p - a wand of paralysis (11)
Potions
 j - 4 potions of curing
 k - 3 potions of heal wounds
 l - a potion of resistance
 m - 5 potions of mutation
 n - a potion of magic
 t - a potion of might

Dungeon Overview and Level Annotations

Branches:
Dungeon (10/15)            Temple (1/1) D:4            Lair (2/5) D:10
  Swamp: Lair:2-3    Shoals: Lair:2-3     Snake: Lair:2-3    Spider: Lair:2-3
    Orc: D:9-12

Altars:
Ashenzari
Cheibriados
Dithmenos
Elyvilon
Fedhas
Gozag
Hepliaklqana
Kikubaaqudgha
Makhleb
Nemelex Xobeh
Okawaru
Qazlal
Ru
Sif Muna
Trog
Uskayaw
Vehumet
Wu Jian
Xom
Yredelemnul
Zin
The Shining One
Lugonu

Shops:
D:6 ?   D:7 (   D:10 :

Portals:
Abyss: D:9

Annotations:
D:4 1 runed translucent door, qw's ghost, amateur SpHu
D:5 2 runed translucent doors, qw's ghost, amateur SpHu
D:9 2 runed translucent doors
Lair:2 exclusion: electric eel


Message History

You hear a trumpeting!
A nearby plant withers and dies.
The water moccasin barely misses you.
10357 ||| RETREEEEATING.
You shoot a bolt. The bolt hits the plant!!
The bolt burns the plant!
The plant is moderately damaged.
The water moccasin bites you.
The water moccasin completely misses you.
10358 ||| RETREEEEATING.
You shoot a bolt. The bolt hits the plant.
The bolt burns the plant.
The plant is moderately damaged.
The water moccasin misses you.
10359 ||| RETREEEEATING.
You shoot a bolt. The bolt hits the plant!
The bolt burns the plant.
The plant is heavily damaged.
A nearby plant withers and dies.
The water moccasin closely misses you. The elephant tramples you.
You stumble backwards!
Splash!
You fall into the shallow water.
Moving in this stuff is going to be slow.
You shoot a bolt. The bolt hits the elephant.
The bolt burns the elephant.
The elephant is lightly wounded.
The elephant barely misses you. The elephant closely misses you.
The water moccasin barely misses you.
You shoot a bolt. The bolt hits the elephant.
The bolt burns the elephant.
The elephant is lightly wounded.
The water moccasin misses you. The elephant completely misses you.
The elephant barely misses you. The elephant completely misses you.
The elephant barely misses you. The water moccasin misses you.
You shoot a bolt.
The bolt hits the elephant but does no damage.
The elephant is lightly wounded.
The elephant completely misses you. x2; The elephant tramples the plant!
The plant begins to die.
The elephant trunk-slaps the plant.
The elephant tramples you!
You hold your ground!
The elephant trunk-slaps you. The water moccasin closely misses you.
10363 ||| READING scroll of teleportation.
As you read the scroll of teleportation, it crumbles to dust.
You feel strangely unstable. The water moccasin closely misses you.
The elephant tramples you!
You die...

..........#
..........#
..........#
F.........
.........#
.........#
##......##
#~~..~.YY#
#~~~~PYS@#
##77~~P77#
#~~~~7
##7~~# ####


You could see 3 elephants and a water moccasin.

Vanquished Creatures
  4 two-headed ogres
  Pikel (D:6)
  4 elephants (Lair:2)
  A cane toad (Lair:1)
  A torpor snail (Lair:1)
  A black mamba (Lair:1)
  Joseph (D:10)
  Maggie (D:9)
  A rime drake (Lair:2)
  2 komodo dragons
  A troll (D:9)
  Psyche (D:8)
  4 blink frogs (Lair:2)
  A wyvern (Lair:1)
  24 yaks
  A basilisk (Lair:2)
  Menkaure (D:4)
  3 steam dragons
  2 acid dragons
  4 water moccasins
  Duvessa (D:6)
  4 orc warriors
  A sky beast (D:7)
  An ice beast (D:4)
  An ogre (D:6)
  2 centaurs
  4 wolves (Lair:2)
  A lemure (D:6)
  3 kobold brigands
  2 phantoms (D:4)
  Blork the orc (D:5)
  11 bullfrogs
  2 gnoll sergeants
  4 scorpions
  4 wights (D:7)
  Dowan (D:6)
  5 killer bees (D:8)
  7 howler monkeys
  7 orc priests
  3 hounds
  A jelly (D:5)
  A gnoll bouda (D:7)
  Jessica (D:2)
  3 iguanas
  6 orc wizards
  4 sleepcaps
  A scorpion zombie (D:3)
  A howler monkey zombie (D:3)
  Robin (D:3)
  17 gnolls
  10 adders
  A shadow imp (D:5)
  4 ufetubi
  7 dart slugs
  3 ribbon worms
  35 orcs
  8 bats
  10 endoplasms
  15 goblins
  7 hobgoblins
  3 jackals (D:1)
  21 kobolds
  5 quokkas
  7 ball pythons
  4 frilled lizards (D:1)
  A quokka zombie (D:3)
  6 rats
307 creatures vanquished.

Vanquished Creatures (others)
  An orc wizard (D:8)
1 creature vanquished.

Grand Total: 308 creatures vanquished

Notes
Turn   | Place    | Note
-------+----------+-------------------------------------------
     0 | D:1      | qw the Deep Elf Hunter began the quest for the Orb.
     0 | D:1      | Reached XP level 1. HP: 12/12 MP: 3/3
     0 | D:1      | 0 ||| qw: Version: 0.3-a-160-g6735b56
     0 | D:1      | 0 ||| qw: Game counter: 5043
     0 | D:1      | 0 ||| qw: Melee chars always use a shield: true
     0 | D:1      | 0 ||| qw: God list: Okawaru
     0 | D:1      | 0 ||| qw: Allow faded altars: false
     0 | D:1      | 0 ||| qw: Do Orc after clearing Dungeon:15 true
     0 | D:1      | 0 ||| qw: Do second Lair branch before Depths: true
     0 | D:1      | 0 ||| qw: Lair rune preference: random
     0 | D:1      | 0 ||| qw: Goals: Normal
     0 | D:1      | 0 ||| PLANNING D:1-11
   207 | D:1      | Reached skill level 6 in Ranged Weapons
   207 | D:1      | Reached XP level 2. HP: 16/16 MP: 4/4
   797 | D:1      | Reached XP level 3. HP: 11/20 MP: 5/5
   938 | D:1      | 938 ||| UPGRADING to +2 pair of boots.
   943 | D:1      | 943 ||| DROPPING amulet of magic regeneration.
   944 | D:1      | 944 ||| READING 2 scrolls labelled EFANEXZUPS.
   944 | D:1      | 944 ||| IDENTIFYING lumpy puce potion
   945 | D:1      | 945 ||| DRINKING potion of experience.
   945 | D:1      | Reached skill level 14 in Ranged Weapons
   945 | D:1      | Reached XP level 4. HP: 25/25 MP: 6/6
   946 | D:1      | 946 ||| READING scroll of identify.
   946 | D:1      | 946 ||| IDENTIFYING fizzy grey potion
   947 | D:1      | 947 ||| READING scroll labelled CUVIWE POORCHA.
   948 | D:1      | 948 ||| READING scroll labelled VIDUOL CEMY.
  1049 | D:1      | 1049 ||| DRINKING 2 cyan potions.
  1050 | D:1      | 1050 ||| DROPPING scroll of butterflies.
  1051 | D:1      | 1051 ||| DROPPING potion of brilliance.
  1181 | D:2      | Noticed Jessica
  1184 | D:2      | Killed Jessica
  1185 | D:2      | Reached skill level 3 in Dodging
  1296 | D:2      | Reached XP level 5. HP: 30/30 MP: 7/7
  1402 | D:2      | Found an opulent altar of Gozag.
  1824 | D:2      | 1824 ||| READING 2 scrolls labelled VENGIENIAG.
  1825 | D:2      | 1825 ||| READING scroll labelled SOJYHO ZAIPNID.
  1825 | D:2      | Identified a scroll of acquirement
  1825 | D:2      | 1825 ||| ACQUIRING +4 robe "Leylaent" {rPois Dex+2}
  1825 | D:2      | Acquired the +4 robe "Leylaent" {rPois Dex+2}
  1827 | D:2      | 1827 ||| UPGRADING to +4 robe "Leylaent" {rPois Dex+2}.
  1837 | D:2      | 1837 ||| DROPPING +0 leather armour.
  1838 | D:2      | 1838 ||| DROPPING scroll of amnesia.
  1886 | D:3      | Noticed Robin
  1894 | D:3      | Killed Robin
  2053 | D:3      | 2053 ||| SWAPPING to +0 arbalest.
  2055 | D:3      | Reached XP level 6. HP: 35/35 MP: 8/8
  2059 | D:3      | 2059 ||| DROPPING +0 shortbow.
  2411 | D:3      | You fall into a shaft and drop 2 floors!
  2411 | D:5      | Entered Level 5 of the Dungeon
  2416 | D:5      | Found a stormy altar of Qazlal.
  2418 | D:5      | Identified the +1 flail "Keasov" {drain, *Slow rC++ rN+
                  | Int+3}
  2513 | D:5      | Found a large runed translucent door.
  2513 | D:5      | Found a large runed translucent door.
  2516 | D:5      | Noticed qw's ghost (amateur SpHu)
  2547 | D:5      | Noticed Blork the orc
  2550 | D:5      | 2550 ||| RETREEEEATING.
  2551 | D:5      | 2551 ||| RETREEEEATING.
  2552 | D:5      | 2552 ||| RETREEEEATING.
  2558 | D:5      | Killed Blork the orc
  2559 | D:5      | Reached XP level 7. HP: 36/40 MP: 9/9
  2572 | D:5      | 2572 ||| UPGRADING to +0 helmet.
  2577 | D:5      | 2577 ||| UPGRADING to ring of see invisible.
  2578 | D:5      | 2578 ||| READING scroll of identify.
  2578 | D:5      | 2578 ||| IDENTIFYING fuming coppery potion
  2579 | D:5      | 2579 ||| READING scroll labelled UHYN ACRUXI.
  2579 | D:5      | 2579 ||| ENCHANTING +0 arbalest.
  2580 | D:5      | 2580 ||| READING scroll labelled XIRULEWURE.
  2590 | D:4      | Found a staircase to the Ecumenical Temple.
  2593 | D:4      | 2593 ||| PLANNING TEMPLE
  2602 | Temple   | Entered the Ecumenical Temple
  2603 | Temple   | 2603 ||| PLANNING OKAWARU WORSHIP
  2611 | Temple   | Became a worshipper of Warmaster Okawaru
  2612 | Temple   | 2612 ||| PLANNING D:1-11
  2712 | D:3      | Found a basalt altar of Yredelemnul.
  2797 | D:3      | Found a glowing silver altar of Zin.
  2890 | D:3      | 2890 ||| READING scroll labelled DAEKHI EMPIGHU.
  2935 | D:4      | Found a runed translucent door.
  2938 | D:4      | Noticed qw's ghost (amateur SpHu)
  2980 | D:4      | Reached skill level 3 in Fighting
  3013 | D:4      | Noticed Menkaure
  3026 | D:4      | 3026 ||| DRINKING potion of haste.
  3028 | D:4      | Killed Menkaure
  3088 | D:4      | Reached skill level 6 in Dodging
  3089 | D:4      | HP: 8/41 [iguana (9)]
  3096 | D:4      | HP: 6/41 [hound (3)]
  3098 | D:4      | Reached skill level 15 in Ranged Weapons
  3254 | D:4      | Reached * piety under Okawaru
  3284 | D:4      | Found a hide-covered altar of Uskayaw.
  3327 | D:4      | Reached skill level 1 in Invocations
  3428 | D:4      | Reached XP level 8. HP: 39/46 MP: 10/10
  3648 | D:4      | Identified the +2 ring mail of Card Tricks {rN+ Will+}
  3741 | D:4      | Identified the +3 hand axe of Watchfulness {vamp, rElec rC+
                  | Int-5}
  3746 | D:4      | 3746 ||| READING scroll of identify.
  3746 | D:4      | 3746 ||| IDENTIFYING ruby potion
  3747 | D:4      | 3747 ||| READING 2 scrolls labelled QANOUR AMOJAKA.
  3747 | D:4      | 3747 ||| ENCHANTING +0 helmet.
  3748 | D:4      | 3748 ||| READING scroll of enchant armour.
  3748 | D:4      | 3748 ||| ENCHANTING +1 helmet.
  3749 | D:4      | 3749 ||| DRINKING 2 brown potions.
  3750 | D:4      | 3750 ||| DROPPING potion of degeneration.
  3832 | D:5      | Found a sacrificial altar of Ru.
  4129 | D:5      | 4129 ||| UPGRADING to +0 pair of gloves.
  4134 | D:5      | 4134 ||| READING scroll labelled RAMPUEH HAGOR.
  4135 | D:5      | 4135 ||| DRINKING 2 fuming golden potions.
  4135 | D:5      | Gained mutation: You are partially covered in iridescent
                  | scales. (AC +2) [potion of mutation]
  4153 | D:6      | 4153 ||| PLANNING OSSUARY
  4155 | D:6      | 4155 ||| STAIRDANCE
  4189 | D:6      | 4189 ||| STAIRDANCE
  4198 | D:5      | Reached skill level 1 in Armour
  4198 | D:5      | Reached skill level 3 in Invocations
  4208 | D:6      | 4208 ||| STAIRDANCE
  4271 | D:6      | 4271 ||| STAIRDANCE
  4282 | D:5      | Reached ** piety under Okawaru
  4361 | D:6      | 4361 ||| STAIRDANCE
  4407 | D:6      | Reached XP level 9. HP: 51/52 MP: 14/14
  4411 | D:6      | Noticed Dowan
  4412 | D:6      | Noticed Pikel
  4413 | D:6      | 4413 ||| INVOKING Heroism.
  4417 | D:6      | Noticed Duvessa
  4418 | D:6      | 4418 ||| RETREEEEATING.
  4420 | D:6      | Killed Pikel
  4432 | D:6      | Killed Dowan
  4653 | D:6      | Killed Duvessa
  4654 | D:6      | Reached skill level 16 in Ranged Weapons
  4741 | D:6      | Reached *** piety under Okawaru
  4748 | D:6      | Found The Oracle's Delphic Readings.
  4752 | D:6      | 4752 ||| BUYING 3 scrolls of identify (84 gold).
  4752 | D:6      | Bought 3 scrolls of identify for 84 gold pieces
  4752 | D:6      | 4752 ||| BUYING scroll of brand weapon (133 gold).
  4752 | D:6      | Bought a scroll of brand weapon for 133 gold pieces
  4752 | D:6      | 4752 ||| SHOPLISTING scroll of enchant armour (105 gold,
                  | have 67).
  4752 | D:6      | 4752 ||| SHOPLISTING scroll of enchant weapon (105 gold,
                  | have 67).
  4752 | D:6      | 4752 ||| READING scroll of brand weapon.
  4752 | D:6      | 4752 ||| BRANDING +1 arbalest.
  4786 | D:6      | Found a burning altar of Makhleb.
  4786 | D:6      | 4786 ||| RIP OSSUARY
  4787 | D:6      | 4787 ||| PLANNING D:1-11
  4820 | D:6      | Identified the +0 pair of boots "Daxun" {-Tele Fly rPois
                  | rN+}
  5040 | D:6      | Found a shimmering blue altar of Sif Muna.
  5351 | D:6      | 5351 ||| READING 4 scrolls of identify.
  5351 | D:6      | 5351 ||| IDENTIFYING white potion
  5352 | D:6      | 5352 ||| READING 3 scrolls of identify.
  5352 | D:6      | 5352 ||| IDENTIFYING glowing emerald potion
  5353 | D:6      | 5353 ||| READING 2 scrolls of identify.
  5353 | D:6      | 5353 ||| IDENTIFYING metallic black potion
  5354 | D:6      | 5354 ||| READING scroll of identify.
  5354 | D:6      | 5354 ||| IDENTIFYING golden potion
  5355 | D:6      | 5355 ||| READING scroll labelled AFYUJY OCHAD.
  5356 | D:6      | 5356 ||| DROPPING potion of lignification.
  5357 | D:6      | 5357 ||| DROPPING potion of attraction.
  5436 | D:7      | Found a shadowy altar of Dithmenos.
  5740 | D:7      | Found Gocir's Antique Weapon Boutique.
  5933 | D:7      | 5933 ||| RETREEEEATING.
  5935 | D:7      | 5935 ||| RETREEEEATING.
  5937 | D:7      | 5937 ||| RETREEEEATING.
  5939 | D:7      | 5939 ||| RETREEEEATING.
  5941 | D:7      | 5941 ||| RETREEEEATING.
  5957 | D:7      | Reached skill level 17 in Ranged Weapons
  6056 | D:7      | Noticed a two-headed ogre
  6057 | D:7      | 6057 ||| INVOKING Heroism.
  6063 | D:7      | Killed a two-headed ogre
  6064 | D:7      | Reached XP level 10. HP: 57/57 MP: 13/15
  6129 | D:7      | Found a blossoming altar of Fedhas.
  6392 | D:8      | Noticed Psyche
  6394 | D:8      | Killed Psyche
  6394 | D:8      | Reached **** piety under Okawaru
  6685 | D:8      | 6685 ||| RETREEEEATING.
  7260 | D:8      | 7260 ||| READING scroll of identify.
  7260 | D:8      | 7260 ||| IDENTIFYING purple potion
  7261 | D:8      | 7261 ||| READING scroll labelled XINALI LODA.
  7289 | D:9      | Noticed a two-headed ogre
  7290 | D:9      | 7290 ||| INVOKING Finesse.
  7294 | D:9      | Killed a two-headed ogre
  7295 | D:9      | Reached skill level 6 in Invocations
  7428 | D:9      | Reached skill level 18 in Ranged Weapons
  7448 | D:9      | Found a one-way gate to the infinite horrors of the Abyss.
  7448 | D:9      | Identified the +4 dagger of the Muttering Gods {distort,
                  | rN++ Int-3}
  7448 | D:9      | Identified the +1 robe of Sotogas {Dex+6}
  7495 | D:9      | Found a flagged portal.
  7567 | D:9      | 7567 ||| RETREEEEATING.
  7568 | D:9      | Reached ***** piety under Okawaru
  7649 | D:9      | 7649 ||| READING scroll of enchant armour.
  7649 | D:9      | 7649 ||| ENCHANTING +0 pair of gloves.
  7770 | D:9      | Noticed Maggie
  7771 | D:9      | 7771 ||| INVOKING Finesse.
  7779 | D:9      | Killed Maggie
  7922 | D:9      | Reached XP level 11. HP: 60/62 MP: 18/18
  8188 | D:9      | Found a large runed translucent door.
  8188 | D:9      | Found a large runed translucent door.
  8189 | D:9      | Found a corrupted altar of Lugonu.
  8192 | D:9      | Noticed a red ugly thing
  8405 | D:10     | Entered Level 10 of the Dungeon
  8451 | D:10     | Found Haibi's Self-Published Books.
  8659 | D:10     | Found a staircase to the Lair.
  8663 | D:10     | Noticed a two-headed ogre
  8664 | D:10     | 8664 ||| INVOKING Finesse.
  8672 | D:10     | Killed a two-headed ogre
  8720 | D:10     | 8720 ||| RETREEEEATING.
  8722 | D:10     | 8722 ||| RETREEEEATING.
  8734 | D:10     | 8734 ||| RETREEEEATING.
  8735 | D:10     | 8735 ||| RETREEEEATING.
  8736 | D:10     | 8736 ||| RETREEEEATING.
  8737 | D:10     | 8737 ||| RETREEEEATING.
  8738 | D:10     | 8738 ||| RETREEEEATING.
  8739 | D:10     | 8739 ||| RETREEEEATING.
  8811 | D:10     | Reached skill level 9 in Dodging
  8826 | D:10     | Noticed a two-headed ogre
  8827 | D:10     | 8827 ||| INVOKING Finesse.
  8833 | D:10     | Killed a two-headed ogre
  8912 | D:10     | Noticed Joseph
  8925 | D:10     | Killed Joseph
  9096 | D:10     | Found a snail-covered altar of Cheibriados.
  9123 | D:10     | Received a gift from Okawaru
  9129 | D:10     | 9129 ||| READING scroll of brand weapon.
  9129 | D:10     | 9129 ||| BRANDING +1 arbalest of draining.
  9311 | D:10     | 9311 ||| PLANNING LAIR
  9311 | D:10     | 9311 ||| READING 2 scrolls of identify.
  9311 | D:10     | 9311 ||| IDENTIFYING yellow potion
  9312 | D:10     | 9312 ||| READING scroll of identify.
  9312 | D:10     | 9312 ||| IDENTIFYING inky potion
  9313 | D:10     | 9313 ||| DROPPING potion of invisibility.
  9314 | D:10     | 9314 ||| DROPPING potion of ambrosia.
  9372 | Lair:1   | Entered Level 1 of the Lair of Beasts
  9571 | Lair:1   | 9571 ||| INVOKING Finesse.
  9573 | Lair:1   | 9573 ||| RETREEEEATING.
  9576 | Lair:1   | 9576 ||| RETREEEEATING.
  9587 | Lair:1   | Reached skill level 9 in Invocations
  9590 | Lair:1   | 9590 ||| INVOKING Finesse.
  9935 | Lair:1   | 9935 ||| RETREEEEATING.
  9936 | Lair:1   | 9936 ||| RETREEEEATING.
  9937 | Lair:1   | 9937 ||| RETREEEEATING.
  9938 | Lair:1   | 9938 ||| RETREEEEATING.
  9939 | Lair:1   | 9939 ||| RETREEEEATING.
  9940 | Lair:1   | 9940 ||| RETREEEEATING.
  9942 | Lair:1   | 9942 ||| RETREEEEATING.
  9943 | Lair:1   | 9943 ||| RETREEEEATING.
  9945 | Lair:1   | Reached skill level 6 in Fighting
 10097 | Lair:2   | Received a gift from Okawaru
 10110 | Lair:2   | 10110 ||| RETREEEEATING.
 10118 | Lair:2   | 10118 ||| RETREEEEATING.
 10124 | Lair:2   | Reached XP level 12. HP: 57/70 MP: 21/21
 10256 | Lair:2   | 10256 ||| RETREEEEATING.
 10318 | Lair:2   | 10318 ||| Stepping ~*~*~tactically~*~*~ (cloud).
 10347 | Lair:2   | HP: 17/71 [electric eel/bolt of electricity (4)]
 10348 | Lair:2   | 10348 ||| READING 2 scrolls of teleportation.
 10349 | Lair:2   | 10349 ||| DRINKING 4 potions of heal wounds.
 10352 | Lair:2   | 10352 ||| RETREEEEATING.
 10356 | Lair:2   | 10356 ||| RETREEEEATING.
 10357 | Lair:2   | 10357 ||| RETREEEEATING.
 10358 | Lair:2   | 10358 ||| RETREEEEATING.
 10359 | Lair:2   | 10359 ||| RETREEEEATING.
 10362 | Lair:2   | HP: 11/71 [elephant (11)]
 10363 | Lair:2   | 10363 ||| READING scroll of teleportation.
 10363 | Lair:2   | Slain by an elephant

Levels and vault maps discovered:
D:1:      kennysheep_arrival_seaside, layout_loops_corners,
          minmay_misc_feat_four_crosses, minivault_23, kennysheep_minor_cross
D:2:      layout_basic, basic_altar, uniq_jessica
D:3:      layout_loops_cross, zin_treasury, nicolae_yredelemnul_corpse_copse,
          minmay_randomly_rotated_circles, uniq_robin
D:4:      cheibrodos_old_hovel, layout_rooms, nicolae_uskayaw_suspiria,
          minmay_temple_entry_drinking_statues, ebering_ghost_inner_flame,
          minmay_unequal, uniq_menkaure
D:5:      layout_basic, mainiacjoe_overflow_small_starburst,
          hangedman_ru_absence, ebering_ghost_disaster_area,
          corexii_item_surrounded_by_moat, nrook_campfire, uniq_blork_the_orc
D:6:      layout_basic, mainiacjoe_overflow_paths,
          nicolae_sif_muna_little_library, chequers_ossuary_entry_cave,
          minmay_crystal_room, nicolae_nh_oracle_at_delphi, uniq_pikel,
          uniq_duvessa
D:7:      layout_loops_corners, fedhas_altar_decomposition,
          grunt_dithmenos_smoke, serial_shops, shop, grunt_ministairs_13
D:8:      layout_layer_cave, uniq_psyche
D:9:      due_chaos_kobolds, layout_grid_maze, enter_bailey_1, uniq_maggie
D:10:     layout_roguey, chei_slow_surprise, lair_entry_dummy, serial_glass,
          glass_columns_b, glass_columns_a, nicolae_custom_books, uniq_joseph
Temple:   hellmonk_temple_two_chambers
Lair:1:   layout_misc_corridors, minmay_holes, serial_bayou_shore_b
Lair:2:   layout_gridlike, minmay_swamp_entry_swarm, serial_bayou_shore_b,
          serial_bayou_shore_b, grunt_megastairs_3, serial_bayou_shore_b

Skill      XL: |  1  2  3  4  5  6  7  8  9 10 11 12 |
---------------+-------------------------------------+-----
Ranged Weapons | 6 14 15 17 18 | 18.0
Dodging        | 3 4 5 6 7 8 10 11 | 11.0
Fighting       | 2 3 4 6 |  6.8
Invocations    | 1 4 6 10 | 10.0
Armour         | 1 2 |  2.1
Stealth        | |  1.2

Action                     |  1- 3 |  4- 6 |  7- 9 | 10-12 || total
---------------------------+-------+-------+-------+-------++-------
   Fire: Shortbow          |    57 |   123 |       |       ||   180
         Arbalest          |       |    68 |   233 |   385 ||   686
 Invoke: Heroism           |       |       |     2 |       ||     2
         Finesse           |       |       |       |     6 ||     6
    Use: Scroll            |     1 |     5 |    14 |     8 ||    28
         Potion            |     1 |     1 |     3 |     1 ||     6
 Armour: Leather armour    |    11 |     1 |       |       ||    12
         Robe              |       |    20 |    53 |    86 ||   159
  Dodge: Dodged            |    19 |    39 |    58 |   116 ||   232

Table legend:
 A = Non-vault XP
 B = Vault XP
 C = Vault XP percentage of total XP
 D = Non-vault monster count
 E = Vault monster count
 F = Vault count percentage of total count
                 A         B        C        D         E       F
            +---------+---------+-------+---------+---------+-------
      Total |   20903 |    3408 |  14.0 |     264 |      42 |  13.7
            +---------+---------+-------+---------+---------+-------
        D:1 |      43 |       0 |   0.0 |      24 |       0 |   0.0
        D:2 |     102 |      37 |  26.6 |      20 |       1 |   4.8
        D:3 |     213 |      99 |  31.7 |      31 |      20 |  39.2
        D:4 |     592 |     213 |  26.5 |      18 |       5 |  21.7
        D:5 |    1080 |      96 |   8.2 |      21 |       1 |   4.5
        D:6 |     942 |    1031 |  52.3 |      21 |       5 |  19.2
        D:7 |    1823 |      59 |   3.1 |      16 |       3 |  15.8
        D:8 |    1595 |     307 |  16.1 |      35 |       1 |   2.8
        D:9 |    2316 |     409 |  15.0 |      27 |       1 |   3.6
       D:10 |    3296 |     423 |  11.4 |      15 |       1 |   6.2
     Lair:1 |    4520 |       0 |   0.0 |      20 |       0 |   0.0
     Lair:2 |    4381 |     734 |  14.3 |      16 |       4 |  20.0
            +---------+---------+-------+---------+---------+-------
